 Dungeon Crawl Stone Soup version 0.31-a0-214-gb37851dbb3 (webtiles) character file.

Game seed: 4498325277891328155

8614 drugrobin the Cruncher (level 10, -2/81 HPs)
             Began as a Demigod Delver on July 2, 2023.
             Slain by a yak (13 damage)
             ... on level 9 of the Dungeon.
             The game lasted 00:36:38 (12602 turns).

drugrobin the Cruncher (Demigod Delver)            Turns: 12602, Time: 00:36:39

Health: -2/81      AC: 12    Str: 21    XL:     10   Next: 88%
Magic:  0/13       EV: 14    Int: 12    God:
Gold:   329        SH:  0    Dex: 22    Spells: 4/9 levels left

rFire   + . .        a - +1 lajatang
rCold   . . .        (shield currently unavailable)
rNeg    + + .        C - +4 ring mail of Xom's Scorn {rElec rN++ Dex+3}
rPois   .            (no helmet)
rElec   +            (no cloak)
rCorr   .            n - +2 pair of gloves {infuse}
SInv    .            (no boots)
Will    +....        E - amulet of guardian spirit
Stlth   +++          t - ring of protection from fire
HPRegen 0.33/turn    (no ring)
MPRegen 0.13/turn

%: guardian spirit
@: wereblooded (expiring), studying Dodging
A: high MP 1, forlorn, divine attributes
a: no special abilities


You were on level 9 of the Dungeon.
You visited 1 branch of the dungeon, and saw 10 of its levels.
You also visited: Bailey.

You collected 787 gold pieces.
You spent 458 gold pieces at shops.

Inventory:

Hand Weapons
 a - a +1 lajatang (weapon)
 b - a +3 orcbow
 D - a +2 war axe of freezing
Missiles
 h - a throwing net
 j - 21 boomerangs (quivered)
 v - 45 poisoned darts
 z - 8 atropa-tipped darts
 I - 8 curare-tipped darts
Armour
 n - a +2 pair of gloves of infusion (worn)
 C - the +4 ring mail of Xom's Scorn (worn) {rElec rN++ Dex+3}
   (You bought it in a shop on level 5 of the Dungeon)

   Dex:       It affects your dexterity (+3).
   rElec:     It insulates you from electricity.
   rN:        It greatly protects you from negative energy.
Magical Staves
 F - a staff of air
Jewellery
 t - a ring of protection from fire (left hand)
 E - an amulet of guardian spirit (around neck)
Wands
 g - a wand of digging (3)
 o - a wand of polymorph (6)
 G - a wand of acid (6)
Scrolls
 c - 2 scrolls of fog
 d - 2 scrolls of revelation
 e - 3 scrolls of fear
 k - 2 scrolls of vulnerability
 q - a scroll of silence
 r - 2 scrolls of identify
 u - 3 scrolls of teleportation
 w - a scroll of butterflies
 J - a scroll of enchant armour
 L - a scroll of poison
Potions
 f - 3 potions of haste
 i - a potion of heal wounds
 l - 6 potions of berserk rage {unknown}
 m - 3 potions of curing {unknown}
 p - a potion of might
 s - 5 potions of mutation {unknown}
 A - 3 potions of attraction {unknown}
 B - 4 potions of brilliance {unknown}
 H - a potion of enlightenment
Miscellaneous
 K - a phantom mirror (inert)


   Skills:
 + Level 5.1 Fighting
 - Level 4.3(9.9) Polearms
 - Level 13.7(14.0) Staves
 + Level 5.1 Dodging
 - Level 4.5 Stealth
 * Level 3.4 Evocations


You had 4 spell levels left.
You knew the following spells:

 Your Spells              Type           Power      Damage    Failure   Level
a - Wereblood             Tmut           0%         N/A       63%         2
b - Mephitic Cloud        Conj/Pois/Air  0%         N/A       86%         3

Your spell library contained the following spells:

 Spells                   Type           Power      Damage    Failure   Level
 Beastly Appendage        Tmut           0%         N/A       50%         1
 Sandblast                Erth           0%         2d4       50%         1
 Passwall                 Tmut/Erth      0%         N/A       63%         2
 Poisonous Vapours        Pois/Air       0%         N/A       63%         2
 Ozocubu's Armour         Ice            0%         N/A       86%         3
 Spider Form              Tmut/Pois      0%         N/A       86%         3
 Stone Arrow              Conj/Erth      0%         3d7       86%         3
 Freezing Cloud           Conj/Ice/Air   0%         6-21      100%        5
 Metabolic Englaciation   Hex/Ice        0%         N/A       100%        5
 Simulacrum               Ice/Necr       0%         N/A       100%        6


Dungeon Overview and Level Annotations

Branches:
Dungeon (10/15)            Temple (0/1) D:6            Lair (0/5) D:8
 Bailey (visited)
    Orc: D:9-12

Shops:
D:3 *   D:5 [   D:6 !   D:9 *

Annotations:
D:4 1 runed translucent door, Crazy Yiuf
D:9 exclusions: catoblepas, orange demon and slime creature
D:10 exclusion: two-headed ogre


Innate Abilities, Weirdness & Mutations

You have an increased reservoir of magic. (+10% MP)
You shall have no god before yourself.
Your divine heritage dramatically boosts your attributes as you level up.


Message History

The yak is moderately wounded.
You slice the yak!!
The yak is almost dead.
The yak barely misses you.
The yak gores you but does no damage. x2
The yak gores you.
You barely miss the yak.
The yak is almost dead.
The yak gores you but does no damage. x2; The yak gores you!
The yak barely misses you.
You completely miss the yak.
The yak is almost dead.
You slash the yak!
You feel a bit better.
You kill the yak!
The yak gores you but does no damage. The yak barely misses you.
The yak gores you but does no damage.
You hit the yak.
The yak is lightly wounded.
The yak misses you. The yak gores you! The yak misses you.
You barely miss the yak.
The yak is lightly wounded.
You slash the yak!
The yak is heavily wounded.
The yak gores you but does no damage. The yak completely misses you.
The yak gores you.
You barely miss the yak.
The yak is heavily wounded.
The yak barely misses you. The yak gores you but does no damage.
The yak misses you.
You barely miss the yak.
The yak is heavily wounded.
The yak gores you! The yak gores you. The yak gores you!
* * * LOW HITPOINT WARNING * * *
Unknown command.
The yak attacks as you move away! The yak gores you!
* * * LOW HITPOINT WARNING * * *
The yak attacks as you move away! The yak gores you.
* * * LOW HITPOINT WARNING * * *
Your primal bloodlust is almost over.
The yak gores you!
You die...

#.........# ###### #...
..........# ##....# ###...
......)...### #.....# #.....
.<..........### #.....# #.#...
#.........#.).###.....# ##.##.#
#..........##..<..##..# #..##.#
#..#####.#.##[)######.# ###.###.#
....####.#.##..).# #.# #...# #.#
..............##@####.###.### #.#
###............YYY##......# #.# #
#...............##......# #.# #
#[......................#####.#
###[...................##........
..<...#..............#....#.....#
.?).....................###.###.#
.....#.######............#..#...#
.....#.# #......[.......##.###


You could see 3 yaks.

Vanquished Creatures
  2 trolls (D:10)
  8 yaks
  4 wyverns (D:8)
  3 steam dragons
  2 water moccasins
  Duvessa (D:7)
  7 orc warriors
  3 sky beasts
  8 ice beasts
  2 ogres
  2 wolves (D:8)
  4 centaurs
  10 kobold brigands
  2 bullfrogs
  2 scorpions
  8 wights
  3 killer bees (D:8)
  4 howler monkeys
  A crimson imp (D:7)
  2 hounds
  5 orc priests
  A gnoll bouda (D:9)
  4 iguanas
  13 orc wizards
  6 sleepcaps
  7 gnolls
  10 adders
  2 shadow imps
  2 white imps
  An ufetubus (D:6)
  A worm (D:2)
  2 dart slugs
  41 orcs
  10 ball pythons
  13 endoplasms
  3 giant cockroaches
  6 goblins
  7 hobgoblins
  11 jackals
  20 kobolds
  5 quokkas
  4 bats
  3 frilled lizards (D:1)
  7 rats
262 creatures vanquished.

Vanquished Creatures (collateral kills)
  Harold (D:9)
1 creature vanquished.

Grand Total: 263 creatures vanquished

Notes
Turn   | Place    | Note
-------+----------+-------------------------------------------
     0 | D:5      | drugrobin the Demigod Delver began the quest for the Orb.
     0 | D:5      | Reached XP level 1. HP: 18/18 MP: 3/3
   107 | D:5      | Noticed an orc wizard
   163 | D:4      | Reached XP level 2. HP: 25/25 MP: 4/4
  1003 | D:1      | Reached XP level 3. HP: 25/30 MP: 5/5
  2372 | D:3      | Found Zasos Yka's Assorted Antiques.
  2521 | D:3      | Reached XP level 4. HP: 37/37 MP: 6/6
  2836 | D:3      | Bought a lead wand for 108 gold pieces
  2989 | D:3      | Reached skill level 1 in Staves
  3236 | D:3      | Reached skill level 2 in Staves
  3429 | D:4      | Reached XP level 5. HP: 34/42 MP: 7/7
  3459 | D:4      | Noticed an ogre
  3813 | D:4      | Reached skill level 3 in Staves
  4042 | D:4      | Learned a level 2 spell: Wereblood
  4135 | D:4      | Found a runed translucent door.
  4136 | D:4      | Noticed Crazy Yiuf
  4425 | D:5      | Noticed an ice beast
  4430 | D:5      | Reached skill level 4 in Staves
  4430 | D:5      | Reached XP level 6. HP: 50/50 MP: 4/8
  4448 | D:5      | Reached skill level 5 in Staves
  4677 | D:5      | Found Zucoiriss's Antique Armour Shop.
  4700 | D:5      | Reached XP level 7. HP: 35/56 MP: 5/9
  4713 | D:5      | Reached skill level 6 in Staves
  4880 | D:5      | Learned a level 3 spell: Mephitic Cloud
  5370 | D:5      | Reached skill level 7 in Staves
  5945 | D:5      | Bought a masterwork ring mail for 216 gold pieces
  5945 | D:5      | Identified the +4 ring mail of Xom's Scorn {rElec rN++
                  | Dex+3} (You bought it in a shop on level 5 of the Dungeon)
  6139 | D:6      | Found a staircase to the Ecumenical Temple.
  6213 | D:6      | Noticed a steam dragon
  6311 | D:6      | Noticed a steam dragon
  6415 | D:6      | Reached skill level 8 in Staves
  6415 | D:6      | Reached XP level 8. HP: 55/62 MP: 10/10
  6798 | D:6      | Reached skill level 9 in Staves
  6798 | D:6      | Found Neg Ytafi's Distillery.
  6801 | D:6      | Bought a potion of degeneration for 14 gold pieces
  7244 | D:6      | Reached skill level 10 in Staves
  7490 | D:7      | Reached XP level 9. HP: 39/68 MP: 3/11
  7717 | D:7      | Noticed Dowan
  7793 | D:7      | Noticed Duvessa
  7822 | D:7      | Killed Duvessa
  7823 | D:7      | Reached skill level 11 in Staves
  7834 | D:7      | Dowan changed into Dowan the steam dragon
  7834 | D:7      | Noticed Dowan
  7842 | D:7      | Killed Dowan the steam dragon
  8034 | D:7      | Identified the +1 leather armour of Vehumet's Benevolence
                  | {rElec rN+}
  8597 | D:8      | Noticed a rime drake
  8747 | D:8      | Reached skill level 12 in Staves
  9202 | D:8      | Found a staircase to the Lair.
  9285 | D:8      | a rime drake changed into a wyvern
 10124 | D:8      | Reached skill level 13 in Staves
 10124 | D:8      | Reached XP level 10. HP: 62/74 MP: 8/13
 10339 | D:9      | Found Fovor's Assorted Antiques.
 10344 | D:9      | Bought a scroll labelled ZALELE DOECUAWYNT for 24 gold
                  | pieces
 10344 | D:9      | Bought a twisted brass wand for 96 gold pieces
 10428 | D:9      | Noticed Harold
 10626 | D:9      | Found a flagged portal.
 10679 | Bailey   | Entered a bailey
 10883 | Bailey   | Identified the +1 shortbow of the Enfolding Pariah {heavy,
                  | rElec rN+ Str-2 Dex+3}
 11667 | D:9      | Noticed a catoblepas
 11699 | D:9      | Killed Harold
 11952 | D:10     | Entered Level 10 of the Dungeon
 12095 | D:10     | Identified the +7 whip "Reamik" {heavy, rElec}
 12317 | D:10     | Reached skill level 5 in Fighting
 12362 | D:10     | Noticed a two-headed ogre
 12480 | D:9      | Reached skill level 5 in Dodging
 12602 | D:9      | Slain by a yak

Illustrated notes

Levels and vault maps discovered:
D:1:      amcnicky_arrival_blooded_trapdoor, layout_loops_ring,
          nicolae_concentric_dashed_squares_mild, minmay_3d_cube
D:2:      layout_basic, minmay_misc_feat_doors
D:3:      layout_basic, nicolae_ru_path_of_blood, basic_ecumenical_altar,
          serial_shops, shop
D:4:      layout_basic, uniq_crazy_yiuf_cottage
D:5:      layout_basic, hangedman_abyss_or_decor_stagger, grunt_decor_clamped,
          nicolae_stop_n_shop_2, hellmonk_no_cap
D:6:      layout_cave_pods, mainiacjoe_overflow_alcove_2,
          minmay_temple_entry_ruins, serial_shops, nicolae_shop_statue_plus
D:7:      layout_rooms, lemuel_coloured_pillars_altar,
          mainiacjoe_overflow_brackets, minmay_fire_ice_demons, uniq_duvessa
D:8:      layout_basic, hellmonk_lair_entry_icy, serial_co_window_serial,
          co_window_corner_a, co_window_paths_a, co_window_corner_a,
          co_window_paths_a, co_window_paths_b, co_window_paths_a,
          co_window_paths_b, co_window_2corner, co_window_of_opportunity_c,
          co_window_broadway_a, co_window_2corner, co_window_corner_ca,
          glass_columns_a, glass_columns_b
D:9:      layout_rooms, serial_shops, shop, enter_bailey_4, minmay_bent,
          uniq_harold, uniq_amaemon
D:10:     layout_small_grid, marbit_many_paths, mainiacjoe_overflow_catwalk,
          nicolae_wu_jian_wuxing_cycle, kennysheep_orc_monster_closet_entryway,
          nicolae_titane

Skill      XL: |  1  2  3  4  5  6  7  8  9 10 |
---------------+-------------------------------+-----
Polearms       | 2 3 4 |  4.3
Staves         | 2 4 5 8 10 13 | 13.7
Fighting       | 5 |  5.1
Dodging        | 5 |  5.1
Evocations     | 3 |  3.4
Stealth        | |  4.5

Action                     |  1- 3 |  4- 6 |  7- 9 | 10-12 || total
---------------------------+-------+-------+-------+-------++-------
  Melee: Spear             |    57 |    17 |       |       ||    74
         Short sword       |   109 |     3 |       |       ||   112
         Punch             |     1 |     1 |       |       ||     2
         Lajatang          |       |   185 |   365 |   206 ||   756
         Unarmed           |       |       |       |     4 ||     4
   Fire: Sling             |       |     4 |       |       ||     4
         Orcbow            |       |       |       |    31 ||    31
  Throw: Dart              |       |     3 |    17 |       ||    20
         Boomerang         |       |       |    31 |    16 ||    47
   Cast: Wereblood         |       |     2 |     3 |     1 ||     6
  Evoke: Wand              |       |     3 |     8 |     1 ||    12
         Phantom mirror    |       |       |       |     1 ||     1
    Use: Scroll            |       |       |     5 |     8 ||    13
   Stab: Sleeping          |    12 |     3 |     1 |       ||    16
         Distracted        |     2 |       |       |     2 ||     4
         Invisible         |       |       |     1 |       ||     1
 Armour: Leather armour    |    22 |     1 |       |       ||    23
         Chain mail        |       |    63 |       |       ||    63
         Ring mail         |       |    31 |   124 |    77 ||   232
  Dodge: Dodged            |    67 |    78 |   182 |   107 ||   434

Table legend: (Time is in decaauts)
 A = Elapsed time spent in this place.
 B = Non-inter-level travel time spent in this place.
 C = Inter-level travel time spent in this place.
 D = Time resting spent in this place.
 E = Time spent auto-exploring this place.
 F = Levels seen in this place.
 G = Mean time per level.
                   A        B        C        D        E       F      G
               +--------+--------+--------+--------+--------+-----+--------+
         Total |  12557 |  12175 |    382 |   1470 |   7491 |  11 | 1141.5 |
       Dungeon |  11703 |  11321 |    382 |   1199 |   7186 |  10 | 1170.3 |
        Bailey |    854 |    854 |      0 |    271 |    305 |   1 |  854.0 |
               +--------+--------+--------+--------+--------+-----+--------+

Top non-repeatable levels by time:
     D:8: 1953 daAuts
     D:5: 1714 daAuts
     D:6: 1334 daAuts
     D:4: 1218 daAuts
     D:2: 1191 daAuts
     D:3: 1021 daAuts
     D:7: 977 daAuts
     D:9: 953 daAuts
  Bailey: 854 daAuts
     D:1: 814 daAuts
    D:10: 524 daAuts
